 Dungeon Crawl Stone Soup version 0.20-a0-514-g839ffe0 (webtiles) character file.

221 M4edhros the Covert (level 5, -5/33 HPs)
             Began as an Octopode Artificer on Jan 24, 2017.
             Was an Initiate of Gozag.
             Slain by a sixfirhy (14 damage)
             ... summoned by the severe capriciousness of Xom
             ... on level 3 of the Dungeon.
             The game lasted 00:05:44 (8057 turns).

M4edhros the Covert (Octopode Artificer)            Turns: 8057, Time: 00:05:47

Health: -5/33      AC:  1    Str: 20    XL:     5   Next: 98%
Magic:  7/7        EV: 13    Int: 17    God:    Gozag
Gold:   248        SH:  0    Dex: 14    Spells: 4/4 levels left

rFire    . . .     SeeInvis .   t - +0 rapier of Irrepressible Laughter {chaos, Str+9 Int+4 Stlth-}
rCold    . . .     Gourm    .   (no shield)
rNeg     . . .     Faith    .   (helmet restricted)
rPois    .         Spirit   .   (no amulet)
rElec    .         Reflect  .   v - ring of resist corrosion
rCorr    +         Harm     .   (no ring)
MR       .....                  (no ring)
Stlth    ++++......             (no ring)
Regen    0.2/turn               (no ring)
                                (no ring)
                                (no ring)
                                (no ring)

@: no status effects
A: almost no armour, stealthy swim, amphibious, 8 rings, constrict 8, camouflage
1, gelatinous body 1
a: Potion Petition, Call Merchant, Bribe Branch, Renounce Religion


You were on level 3 of the Dungeon.
You worshipped Gozag.
Gozag was aware of your devotion.
You were not hungry.

You visited 2 branches of the dungeon, and saw 5 of its levels.

You collected 311 gold pieces.
You paid 63 gold pieces to Gozag.

Inventory:

Hand Weapons
 a - a +0 short sword of freezing
 o - a +1 dagger of speed
 t - the +0 rapier of Irrepressible Laughter (weapon) {chaos, Str+9 Int+4 Stlth-}
   (Xom gifted it to you in the Ecumenical Temple)

   Each time it hits an enemy it has a different, random effect.
   It affects your strength (+9).
   It affects your intelligence (+4).
   It makes you less stealthy.
Jewellery
 v - a ring of resist corrosion (left tentacle)
Wands
 b - a wand of flame (11/48)
 c - a wand of enslavement (14/24)
 d - a wand of random effects (15/48)
Scrolls
 e - 2 scrolls of teleportation {unknown}
 g - 4 scrolls of identify {unknown}
 i - a scroll of noise {unknown}
 l - a scroll of recharging {unknown}
 p - 2 scrolls of magic mapping {unknown}
 s - a scroll of immolation {unknown}
Potions
 h - 3 potions of might {unknown}
 j - 2 potions of curing {unknown}
 k - a potion of lignification {unknown}
 m - a potion of beneficial mutation {unknown}
 n - a potion of ambrosia {unknown}
 r - a potion of flight {unknown}
Books
 q - a book of Callings

   Spells                             Type                      Level
   a - Summon Small Mammal            Summoning                    1
   b - Call Imp                       Summoning                    2
   c - Call Canine Familiar           Summoning                    3
   d - Summon Guardian Golem          Hexes/Summoning              3
   e - Summon Lightning Spire         Summoning/Air                4
   f - Summon Ice Beast               Ice/Summoning                4
Comestibles
 f - a bread ration
 u - 2 meat rations


   Skills:
 - Level 1.0 Fighting
 - Level 1.0 Short Blades
 - Level 2.0 Dodging
 + Level 8.2 Stealth
 - Level 3.2 Evocations


You had 4 spell levels left.
You didn't know any spells.

Dungeon Overview and Level Annotations

Branches:
Dungeon (4/15)             Temple (1/1) D:4

Altars:
Ashenzari
Cheibriados
Dithmenos
Elyvilon
Fedhas
Gozag
Hepliaklqana
Kikubaaqudgha
Makhleb
Nemelex Xobeh
Okawaru
Qazlal
Ru
Sif Muna
Trog
Uskayaw
Vehumet
Xom
Yredelemnul
Zin
The Shining One


Innate Abilities, Weirdness & Mutations

You cannot wear most types of armour.
You are very stealthy in the water. (Stealth+)
You are amphibious.
You can wear up to eight rings at the same time.
You can use your tentacles to constrict eight enemies at once.
Your skin changes colour to match your surroundings (Stealth+).
Your rubbery body absorbs attacks. (AC +1, EV +1)


Message History

You climb downwards.
There is a stone staircase leading up here.
Xom's attention turns to you.
Something forms from out of thin air!
You barely miss the sixfirhy. Your grab misses the sixfirhy.
Your squeeze misses the sixfirhy.
A sixfirhy is nearby!
You barely miss the sixfirhy. You grab the sixfirhy.
Your squeeze misses the sixfirhy.
You constrict the sixfirhy, but do no damage.
A sixfirhy is nearby!
You barely miss the sixfirhy. You constrict the sixfirhy.
A sixfirhy is nearby!
You completely miss the sixfirhy. You squeeze the sixfirhy!
The sixfirhy is moderately wounded.
You constrict the sixfirhy. The sixfirhy hits you! The sixfirhy shocks you!
* * * LOW HITPOINT WARNING * * *
The sixfirhy closely misses you. x2; The sixfirhy hits you!
You die...
Your body crumbles into a pile of gold.

#.###.#####.###.....# #.#
#.# #........##)###.# #.#
#.###.###.......# #.# #.#
#.....# ##...##.###.# #.#
####### ##.###.....###.#
#.# ###.......# #.#
######### #.# #@#
###3##### #.......#
#<#.###.## #####
#........#
#...######...###.<#
#>...........###..########
#...######..[............#
##.## #.....#..######.#


You could see a sixfirhy.

Vanquished Creatures
  A howler monkey (D:4)
  Terence (D:3)
  An iguana (D:4)
  3 gnolls (D:2)
  4 adders (D:2)
  A worm (D:3)
  A dart slug (D:2)
  A leopard gecko (D:2)
  A ball python (D:3)
  2 giant cockroaches
  9 goblins
  11 hobgoblins
  2 jackals (D:2)
  5 kobolds
  5 quokkas
  7 bats
  4 frilled lizards
  7 rats
66 creatures vanquished.

Vanquished Creatures (collateral kills)
  A kobold (D:2)
1 creature vanquished.

Grand Total: 67 creatures vanquished

Notes
Turn   | Place    | Note
-------+----------+-------------------------------------------
     0 | D:1      | M4edhros the Octopode Artificer began the quest for the Orb.
     0 | D:1      | Reached XP level 1. HP: 13/13 MP: 3/3
   108 | D:1      | Reached skill level 2 in Stealth
   337 | D:2      | Reached XP level 2. HP: 14/18 MP: 4/4
   352 | D:2      | Reached skill level 3 in Stealth
   720 | D:3      | Noticed Terence
   730 | D:3      | Killed Terence
   730 | D:3      | Reached skill level 4 in Stealth
   730 | D:3      | Reached XP level 3. HP: 20/23 MP: 5/5
   784 | D:4      | Reached skill level 5 in Stealth
   784 | D:4      | Reached XP level 4. HP: 15/28 MP: 6/6
   935 | D:4      | Found a staircase to the Ecumenical Temple.
   944 | Temple   | Entered the Ecumenical Temple
   987 | Temple   | Became a worshipper of Xom of Chaos
  1504 | D:3      | Reached skill level 6 in Stealth
  1707 | D:2      | XOM: god gift: scroll labeled CESEEL IBAIBBU {god gift}
  1858 | D:2      | XOM is BORED!
  1858 | D:2      | XOM: mild Conj miscast
  2009 | D:2      | XOM: chaos cloud
  2025 | D:2      | XOM: harmless Divn miscast
  2052 | D:2      | Reached XP level 5. HP: 27/33 MP: 7/7
  2492 | Temple   | XOM: god gift: transparent rapier {god gift}
  2493 | Temple   | Got a transparent rapier {god gift}
  2494 | Temple   | Identified the +0 rapier of Irrepressible Laughter {chaos, Str+9 Int+4 Stlth-} (Xom gifted it to you in the Ecumenical Temple)
  2921 | Temple   | XOM: mild Chrm miscast
  3074 | Temple   | XOM: harmless Necr miscast
  3376 | Temple   | XOM: noise
  3436 | Temple   | XOM: harmless Tmut miscast
  4618 | Temple   | XOM is BORED!
  4618 | Temple   | XOM: medium Necr miscast
  4619 | Temple   | Noticed a shadow
  4619 | Temple   | Noticed a shadow
  4631 | D:4      | Reached skill level 7 in Stealth
  4832 | Temple   | XOM: harmless Divn miscast
  4939 | Temple   | XOM: noise
  4956 | Temple   | XOM: harmless Conj miscast
  5161 | Temple   | XOM: mild Fire miscast
  5329 | Temple   | XOM: medium Tmut miscast
  6706 | Temple   | Fell from the grace of Xom
  6706 | Temple   | Became a worshipper of Gozag Ym Sagoz the Greedy
  7088 | D:1      | XOM: summons 2 hostile shadow creatures
  7342 | D:1      | Found a shimmering altar of Xom.
  7921 | D:2      | Reached skill level 8 in Stealth
  7949 | D:2      | Found a faded altar of an unknown god.
  8053 | D:3      | XOM: medium Summ miscast
  8054 | D:3      | Noticed a sixfirhy
  8057 | D:3      | Slain by a sixfirhy

Vault maps used:
D:1:      tarquinn_simple_flora_water_a, minmay_misc_feat_nine_boxes,
          minivault_23, xom_teletrap_fun
D:2:      chequers_ecumenical_altar_lobes, first_bread
D:3:      uniq_terence
D:4:      minmay_temple_entry_trees, corexii_hall_statues_x
Temple:   compressed_dpeg_circular_temple

Skill      XL: |  1  2  3  4  5 |
---------------+----------------+-----
Stealth        | 2 4 5 6 8 |  8.2
Fighting       | |  1.0
Short Blades   | |  1.0
Dodging        | |  2.0
Evocations     | |  3.2

Action                   |  1- 3 |  4- 6 || total
-------------------------+-------+-------++-------
Melee: Short sword       |    36 |    15 ||    51
       Constrict         |     6 |    25 ||    31
       Tentacles         |     2 |    17 ||    19
       Dagger            |       |    32 ||    32
       Rapier            |       |    49 ||    49
Evoke: Wand              |     4 |     1 ||     5
  Use: Scroll            |       |     1 ||     1
 Stab: Sleeping          |     1 |    13 ||    14
       Distracted        |       |     1 ||     1
       Confused          |       |     1 ||     1
       Petrifying        |       |     1 ||     1
       Paralysed         |       |     1 ||     1
  Eat: Chunk             |       |     4 ||     4
       Bread ration      |       |     4 ||     4
Armor: Skin              |     1 |     8 ||     9
Dodge: Dodged            |    30 |    36 ||    66
